 Dungeon Crawl Stone Soup version 0.26-b1-32-g5d43845318 (webtiles) character file.

Game seed: 9583051179373939088

220904 Dirian the Severer (level 18, -1/173 HPs)
             Began as a Minotaur Fighter on Jan 8, 2021.
             Was the Champion of Makhleb.
             Slain by an 11-headed hydra (9 damage)
             ... called by a spriggan druid
             ... on level 4 of the Swamp on Jan 9, 2021.
             The game lasted 00:56:24 (32003 turns).

Dirian the Severer (Minotaur Fighter)              Turns: 32003, Time: 00:56:25

Health: -1/173     AC: 26    Str: 38    XL:     18   Next: 48%
Magic:  26/26      EV:  9    Int: 15    God:    Makhleb [******]
Gold:   1518       SH: 20    Dex: 10    Spells: 17/17 levels left

rFire    + + .     SeeInvis .   b - +6 broad axe (vorpal)
rCold    + . .     Faith    .   K - +4 kite shield {rPois}
rNeg     + . .     Spirit   .   p - +4 chain mail of Disguise {rElec Will+ Int+4 Dex-3}
rPois    +         Reflect  .   y - +0 hat "Efuurur" {rPois rC+ Will- Str+5}
rElec    +         Harm     .   E - +2 cloak {Stlth+}
rCorr    .         Rampage  .   l - +1 pair of gloves {Str+3}
Will     ++++.     Clarity  +   c - +0 pair of boots of Fepujiog {rF+ Dex+4}
Stlth    ..........             Q - amulet of the Four Winds {rN+ Will+++ Clar}
HPRegen  0.38/turn              I - ring "Kagase" {*Drain rElec rF+ Int+6 Stlth+}
MPRegen  0.20/turn              N - +4 ring of slaying

@: very slow
A: retaliatory headbutt, horns 2
}: 1/15 runes: serpentine
a: Renounce Religion, Minor Destruction, Lesser Servant of Makhleb, Major
Destruction, Greater Servant of Makhleb


You were on level 4 of the Swamp.
You worshipped Makhleb.
Makhleb was exalted by your worship.
You visited 6 branches of the dungeon, and saw 32 of its levels.
You also visited: Gauntlet.

You collected 3418 gold pieces.
You spent 1900 gold pieces at shops.

Inventory:

Hand Weapons
 a - a +1 broad axe
 b - a +6 vorpal broad axe (weapon)
Armour
 c - the +0 pair of boots of Fepujiog (worn) {rF+ Dex+4}
   (You found it in a Gauntlet)

   It affects your dexterity (+4).
   It protects you from fire.
 l - a +1 pair of gloves of strength (worn)
 p - the +4 chain mail of Disguise (worn) {rElec Will+ Int+4 Dex-3}
   (You bought it in a shop on level 8 of the Dungeon)

   It affects your intelligence (+4).
   It affects your dexterity (-3).
   It insulates you from electricity.
   It affects your willpower, your defense against some magical effects.
 y - the +0 hat "Efuurur" (worn) {rPois rC+ Will- Str+5}
   (You found it in a Gauntlet)

   It affects your strength (+5).
   It protects you from cold.
   It protects you from poison.
   It affects your willpower, your defense against some magical effects.
 E - a +2 cloak of stealth (worn)
 K - a +4 kite shield of poison resistance (worn)
 M - a +0 tower shield
Jewellery
 m - an uncursed ring of see invisible
 H - an uncursed ring of protection from fire
 I - the ring "Kagase" (left hand) {*Drain rElec rF+ Int+6 Stlth+}
   (You found it on level 2 of the Lair of Beasts)

   [ring of intelligence]

   It affects your intelligence (+6).
   It protects you from fire.
   It insulates you from electricity.
   It causes draining when unequipped.
   It makes you more stealthy.
 N - a +4 ring of slaying (right hand)
 Q - the amulet of the Four Winds (around neck) {rN+ Will+++ Clar}
   (You bought it in a shop on level 4 of the Snake Pit)

   [amulet of nothing]

   It protects you from negative energy.
   It affects your willpower, your defense against some magical effects.
   It protects you against confusion.
Wands
 e - a wand of disintegration (19)
 i - a wand of paralysis (39)
 u - a wand of iceblast (11)
 v - a wand of acid (17)
 B - a wand of flame (17)
 D - a wand of polymorph (14)
Scrolls
 k - 5 scrolls of immolation
 r - 16 scrolls of identify
 s - 2 scrolls of vulnerability
 t - 11 scrolls of teleportation
 x - 12 scrolls of remove curse
 z - a scroll of blinking
 A - 2 scrolls of enchant armour
 C - 2 scrolls of fog
 F - 2 scrolls of magic mapping
Potions
 d - a potion of might
 f - 8 potions of flight
 g - 4 potions of invisibility
 h - 7 potions of haste
 j - 7 potions of brilliance
 n - 3 potions of resistance
 o - 7 potions of attraction
 q - 13 potions of curing
 w - 6 potions of heal wounds
 G - a potion of berserk rage
 J - 3 potions of mutation
 L - 7 potions of lignification
 P - 3 potions of magic


   Skills:
 + Level 18.4 Fighting
 - Level 20.0 Axes
 + Level 17.0 Armour
 + Level 17.1 Shields
 * Level 13.1 Invocations


You had 17 spell levels left.
You didn't know any spells.
Your spell library contained the following spells:

 Spells                   Type           Power        Failure   Level
 Corona                   Hex            0%           54%         1
 Foxfire                  Conj/Fire      0%           54%         1
 Freeze                   Ice            0%           54%         1
 Magic Dart               Conj           0%           54%         1
 Sandblast                Erth           0%           54%         1
 Shock                    Conj/Air       0%           54%         1
 Summon Small Mammal      Summ           0%           54%         1
 Blink                    Tloc           N/A          67%         2
 Call Imp                 Summ           0%           67%         2
 Ensorcelled Hibernation  Hex/Ice        0%           67%         2
 Passwall                 Tmut/Erth      0%           67%         2
 Poisonous Vapours        Pois/Air       0%           67%         2
 Slow                     Hex            0%           67%         2
 Swiftness                Air            0%           67%         2
 Call Canine Familiar     Summ           0%           88%         3
 Confusing Touch          Hex            0%           88%         3
 Conjure Flame            Conj/Fire      0%           88%         3
 Dazzling Flash           Conj/Hex       0%           88%         3
 Frozen Ramparts          Ice            0%           88%         3
 Gell's Gravitas          Tloc           0%           88%         3
 Inner Flame              Hex/Fire       0%           88%         3
 Lesser Beckoning         Tloc           0%           88%         3
 Mephitic Cloud           Conj/Pois/Air  0%           88%         3
 Ozocubu's Armour         Ice            0%           88%         3
 Static Discharge         Conj/Air       0%           88%         3
 Stone Arrow              Conj/Erth      0%           88%         3
 Summon Guardian Golem    Hex/Summ       0%           88%         3
 Teleport Other           Tloc           0%           88%         3
 Tukima's Dance           Hex            0%           88%         3
 Airstrike                Air            0%           99%         4
 Hailstorm                Conj/Ice       0%           99%         4
 Olgreb's Toxic Radiance  Pois           0%           99%         4
 Passage of Golubria      Tloc           N/A          99%         4
 Petrify                  Tmut/Erth      0%           99%         4
 Sticky Flame             Conj/Fire      0%           99%         4
 Summon Ice Beast         Ice/Summ       0%           99%         4
 Summon Lightning Spire   Summ/Air       0%           99%         4
 Fireball                 Conj/Fire      0%           100%        5
 Lee's Rapid Deconstruct  Erth           0%           100%        5
 Lightning Bolt           Conj/Air       0%           100%        5
 Freezing Cloud           Conj/Ice/Air   0%           100%        6
 Ozocubu's Refrigeration  Ice            0%           100%        6


Dungeon Overview and Level Annotations

Branches:
Dungeon (15/15)            Temple (1/1) D:4            Lair (6/6) D:9
  Swamp (4/4) Lair:4        Snake (4/4) Lair:3        Slime (0/5) Lair:6
    Orc (2/2) D:9             Elf (0/3) Orc:2        Vaults (0/5) D:14
 Depths (0/5) D:15        Gauntlet (visited)

Altars:
Ashenzari
Cheibriados
Dithmenos
Elyvilon
Fedhas
Gozag
Hepliaklqana
Kikubaaqudgha
Makhleb
Nemelex Xobeh
Okawaru
Qazlal
Ru
Sif Muna
Trog
Uskayaw
Vehumet
Wu Jian
Xom
Yredelemnul
Zin
The Shining One
Beogh

Shops:
D:8 *   D:9 }   D:12 *   D:14 [   Orc:2 }!![   Snake:4 }=}

Annotations:
D:15 Roxanne
Swamp:4 Lernaean hydra


Innate Abilities, Weirdness & Mutations

You reflexively headbutt those who attack you in melee.
You have a pair of horns on your head.


Message History

The ten-headed hydra barely misses you. The ten-headed hydra misses you. x2
The ten-headed hydra closely misses you.
The ten-headed hydra bites you!!
* * * LOW HITPOINT WARNING * * *
The swamp dragon breathes poison at you.
The blast of poison engulfs you but does no damage.
You resist.
You chop one of the ten-headed hydra's heads off!
The nine-headed hydra grows two more!
You slice the 11-headed hydra!!
The 11-headed hydra is almost dead.
You slice the swamp dragon!!
You block the 11-headed hydra's attack. x2
The 11-headed hydra bites you!
* * * LOW HITPOINT WARNING * * *
The 11-headed hydra bites you!!
* * * LOW HITPOINT WARNING * * *
The 11-headed hydra bites you but does no damage. x2
You block the 11-headed hydra's attack. The 11-headed hydra bites you.
* * * LOW HITPOINT WARNING * * *
You block the 11-headed hydra's attack. The 11-headed hydra bites you!
You die...

**,≈,≈≈≈,*,♣♣♣.♣.♣.(.♣.≈≈§**♣
**,≈≈,.♣..♣♣,♣...♣..♣♣≈≈≈..,,.
**≈,≈≈.≈...♣.♣.♣.♣♣..♣.♣≈..≈,≈.
*≈,≈≈≈≈.≈...♣.♣♣..♣.♣≈...≈≈,,,≈
**,≈≈≈≈≈≈≈..≈♣..♣≈..§≈≈≈≈≈≈≈≈,**
*,≈≈≈≈≈≈≈.≈≈.≈...♣≈≈≈≈≈≈≈≈≈≈≈≈**
*,≈≈,≈≈≈≈≈≈.♣≈≈♣♣≈.≈≈≈≈§≈≈.≈≈,*,
**,**^≈≈≈...≈☼.○§.≈≈§≈≈≈§.♣*****
*****,≈≈≈≈≈...D@D≈≈≈≈≈≈♣♣♣♣ ***
**,,**,≈≈.≈≈.≈..§§§≈≈≈≈.♣*** *,≈
*≈≈≈≈,,≈.v..♣♣.≈○☼≈≈..♣♣≈♣≈* *,≈
*,≈,****♣♣♣*♣.≈≈.≈≈.≈≈♣*♣≈♣*
**≈, *****
**♣.....≈.≈≈♣♣♣≈♣*≈♣***≈,≈
*≈≈.<.≈≈..≈♣♣ *...≈≈≈,,,,,
*...♣≈§≈.♣♣♣ *≈.≈≈≈≈≈≈≈≈,
**♣≈≈..≈♣♣♣ **,,≈≈≈≈≈≈≈≈,
**,≈.§≈≈.* *≈,≈≈≈≈≈≈≈≈≈*


You could see a 11-headed hydra (strong), a swamp dragon (strong, catching
breath) and a will-o-the-wisp.

Vanquished Creatures
  A tentacled monstrosity (Swamp:4)
  The ghost of pleonasm the Warrior, an adept OgBe of Trog (Swamp:1)
  Agnes (D:14)
  12 nagarajas (Snake:4)
  The ghost of Qemahefa the Bludgeoner, an adept GrFi of Okawaru (Swamp:1)
  Aizul (Snake:1)
  The ghost of Jacimip the Whirler, a journeyman HaHu of Okawaru (Swamp:1)
  Nessos (D:15)
  A minotaur (Gauntlet)
  5 bunyips
  3 eleionomae
  2 fire dragons
  Josephine (Snake:1)
  18 hydras
  2 ice dragons
  2 boulder beetles
  4 vault guards (D:14)
  7 naga warriors
  25 anacondas
  3 catoblepae
  A death knight (D:14)
  3 centaur warriors (D:13)
  2 alligators (Swamp:3)
  3 death yaks
  7 two-headed ogres
  3 orc high priests (Orc:2)
  Sonja (Lair:1)
  14 naga sharpshooters
  7 shock serpents
  Urug (D:13)
  A fire crab (Lair:6)
  7 goliath frogs
  2 salamander mystics (Snake:2)
  A death drake (Gauntlet)
  13 sea snakes
  6 swamp dragons
  2 unseen horrors
  10 naga ritualists
  3 spriggan druids
  3 wizards
  4 bog bodies
  5 orc knights
  A wolf spider zombie (D:15)
  3 deep elf magi
  10 mana vipers
  4 orc sorcerers (Orc:2)
  2 cyclopes
  2 manticores
  11 ugly things
  2 spectral centaurs (Gauntlet)
  15 elephants
  15 salamanders
  A will-o-the-wisp (Swamp:4)
  3 centaur zombies
  14 guardian serpents
  An ice statue (Lair:4)
  15 naga magi
  A torpor snail (Lair:4)
  38 black mambas
  3 molten gargoyles (Lair:6)
  A gargoyle (D:14)
  6 cane toads
  A rime drake (Lair:4)
  16 komodo dragons
  A freezing wraith (D:14)
  A yaktaur (D:14)
  A kobold demonologist (D:12)
  7 trolls
  2 polar bears
  A wolf spider simulacrum (Gauntlet)
  8 hornets
  5 tyrant leeches
  11 blink frogs
  A harpy skeleton (D:15)
  4 dream sheep
  2 shadows
  7 wraiths
  A human (D:14)
  3 centaur simulacra (Gauntlet)
  A vampire (D:13)
  9 basilisks
  45 yaks
  6 spriggans
  6 wyverns
  6 vampire mosquitoes
  2 steam dragons
  46 nagas
  2 wargs
  12 swamp worms
  A hydra simulacrum (Gauntlet)
  An acid dragon (D:14)
  5 hell hounds (Lair:6)
  19 water moccasins
  25 orc warriors
  8 swamp drakes
  3 sky beasts
  7 ice beasts
  9 ogres
  3 black bears
  An eye of draining (D:13)
  3 phantoms
  A necrophage (D:9)
  6 centaurs
  5 boggarts (D:14)
  A big kobold (D:10)
  15 bullfrogs
  2 wyvern zombies
  A wyvern skeleton (D:15)
  4 scorpions
  4 killer bees (D:12)
  28 wights
  5 electric eels (Snake:3)
  7 hounds
  3 lava snakes (Lair:6)
  A quasit (D:10)
  A jelly (D:14)
  26 orc priests
  A gnoll shaman (D:7)
  4 centaur skeletons
  5 iguanas
  26 orc wizards
  Ijyb (D:3)
  8 worker ants
  3 hound zombies
  A worker ant zombie (D:9)
  Robin (D:2)
  3 gnolls (D:7)
  A howler monkey skeleton (D:6)
  14 adders
  3 white imps
  3 ufetubi
  2 oozes
  An adder skeleton (D:7)
  2 worms
  4 dart slugs
  7 leopard geckos
  82 orcs
  2 ball pythons
  3 giant cockroaches
  8 hobgoblins
  7 jackals
  4 quokkas
  7 bats
  6 frilled lizards
  15 goblins
  A jackal zombie (D:8)
  10 kobolds
  2 leopard gecko skeletons
  3 quokka skeletons
  A quokka zombie (D:9)
  9 rats
  A fire vortex (D:13)
992 creatures vanquished.

Vanquished Creatures (collateral kills)
  Rupert (D:15)
  5 hydras
  A death yak (Lair:1)
  A torpor snail (Lair:1)
  2 yaks (Lair:1)
  A wyvern (Lair:3)
  A vampire mosquito (Swamp:2)
  A water moccasin (Lair:1)
  A sky beast (D:13)
  A centaur (D:13)
  A bullfrog (Lair:3)
  2 orc wizards (D:13)
  An orc (D:13)
19 creatures vanquished.

Vanquished Creatures (others)
  A mana viper (Snake:4)
  A black mamba (Snake:4)
  A bloated husk (Swamp:2)
  An orc wizard (D:13)
  An orc (D:13)
  14 demonic plants (Gauntlet)
  6 foxfires (Swamp:4)
  19 fungi
  104 plants
148 creatures vanquished.

Grand Total: 1159 creatures vanquished

Notes
Turn   | Place    | Note
-------+----------+-------------------------------------------
     0 | D:1      | Dirian the Minotaur Fighter began the quest for the Orb.
     0 | D:1      | Reached XP level 1. HP: 19/19 MP: 0/0
   283 | D:1      | Reached XP level 2. HP: 27/27 MP: 1/1
   830 | D:2      | Noticed Robin
   835 | D:2      | Reached skill level 3 in Axes
   846 | D:2      | Reached XP level 3. HP: 21/33 MP: 2/2
   860 | D:2      | Killed Robin
  1097 | D:2      | Reached XP level 4. HP: 40/40 MP: 3/3
  1104 | D:2      | Reached skill level 4 in Axes
  1615 | D:2      | Reached XP level 5. HP: 47/47 MP: 4/4
  2232 | D:3      | Reached skill level 5 in Axes
  2232 | D:3      | Reached skill level 5 in Armour
  2236 | D:3      | Reached XP level 6. HP: 33/53 MP: 5/5
  2443 | D:3      | Noticed Ijyb
  2453 | D:3      | Killed Ijyb
  3227 | D:4      | Reached skill level 6 in Axes
  3227 | D:4      | Reached skill level 5 in Shields
  3295 | D:4      | Found a staircase to the Ecumenical Temple.
  3510 | D:4      | Reached skill level 5 in Fighting
  3615 | D:4      | Reached XP level 7. HP: 48/61 MP: 4/6
  4024 | Temple   | Entered the Ecumenical Temple
  4204 | Temple   | Became a worshipper of Makhleb the Destroyer
  4286 | D:5      | Entered Level 5 of the Dungeon
  4446 | D:5      | Reached skill level 7 in Axes
  4579 | D:5      | Got a smoking flail
  4888 | D:5      | Reached skill level 8 in Axes
  4888 | D:5      | Reached XP level 8. HP: 70/70 MP: 7/7
  4902 | D:5      | Reached * piety under Makhleb
  5645 | D:5      | Identified the +2 flail of Accord {holy, Dex+4} (You found
                  | it on level 5 of the Dungeon)
  6369 | D:7      | Reached skill level 9 in Axes
  6538 | D:7      | Reached ** piety under Makhleb
  6638 | D:7      | Reached skill level 10 in Axes
  6822 | D:7      | Reached XP level 9. HP: 77/78 MP: 8/8
  6933 | D:8      | Found Dazait's General Store.
  7208 | D:8      | Found a stormy altar of Qazlal.
  7480 | D:9      | Found Aficzoedgh's Gadget Shoppe.
  7812 | D:9      | Noticed a komodo dragon
  7830 | D:9      | Reached skill level 11 in Axes
  7839 | D:9      | Killed a komodo dragon
  8068 | D:9      | Found a staircase to the Lair.
  8418 | D:9      | Found a staircase to the Orcish Mines.
  8501 | D:9      | Noticed a two-headed ogre
  8504 | D:9      | Noticed a two-headed ogre
  8505 | D:9      | Killed a two-headed ogre
  8506 | D:9      | Reached skill level 12 in Axes
  8506 | D:9      | Reached XP level 10. HP: 79/88 MP: 7/9
  8515 | D:9      | Killed a two-headed ogre
  8515 | D:9      | Reached *** piety under Makhleb
  8516 | D:9      | Reached skill level 10 in Armour
  8787 | D:10     | Entered Level 10 of the Dungeon
  8807 | D:10     | Noticed a two-headed ogre
  8813 | D:10     | Killed a two-headed ogre
  8814 | D:10     | Reached skill level 13 in Axes
  9510 | D:11     | Noticed a red ugly thing
  9538 | D:11     | Killed a red ugly thing
  9539 | D:11     | Reached skill level 14 in Axes
  9539 | D:11     | Reached XP level 11. HP: 38/99 MP: 3/10
  9545 | D:11     | Killed an unseen horror
  9831 | D:11     | Noticed a two-headed ogre
  9841 | D:11     | Killed a two-headed ogre
  9899 | D:11     | Reached skill level 10 in Fighting
 10068 | D:11     | Reached **** piety under Makhleb
 10435 | D:12     | Reached skill level 15 in Axes
 10700 | D:12     | Reached skill level 1 in Invocations
 10715 | D:12     | Noticed a boulder beetle
 10724 | D:12     | Killed a boulder beetle
 10756 | D:12     | Found a white marble altar of Elyvilon.
 10775 | D:12     | Noticed a sun demon
 10936 | D:12     | You fall into a shaft and drop 2 floors!
 10936 | D:14     | Found Azizoem's Antique Armour Shoppe.
 10937 | D:14     | Noticed a two-headed ogre
 10937 | D:14     | Noticed a deep elf mage
 10943 | D:14     | Noticed a catoblepas
 10995 | D:14     | Found a gate leading to a gauntlet.
 11012 | Gauntlet | Entered a Gauntlet
 11012 | Gauntlet | Found a transporter.
 11012 | Gauntlet | Found a transporter.
 11012 | Gauntlet | Noticed a queen ant
 11013 | Gauntlet | Found a transporter.
 11016 | Gauntlet | Found a transporter.
 11016 | Gauntlet | Found a transporter.
 11016 | Gauntlet | Found a transporter.
 11030 | Gauntlet | Found a transporter.
 11030 | Gauntlet | Found a transporter.
 11040 | Gauntlet | Found a transporter.
 11041 | Gauntlet | Noticed a death drake
 11143 | Gauntlet | Found a transporter.
 11145 | Gauntlet | Found a transporter.
 11155 | Gauntlet | Found a transporter.
 11304 | Gauntlet | Paralysed by a hornet for 3 turns
 11700 | Gauntlet | Got a crude hat
 11705 | Gauntlet | Identified the +0 hat "Efuurur" {rPois rC+ Will- Str+5}
                  | (You found it in a Gauntlet)
 11821 | Gauntlet | Killed a death drake
 11822 | Gauntlet | Reached XP level 12. HP: 29/108 MP: 2/13
 11834 | Gauntlet | Got a pair of ichor-stained boots
 11844 | Gauntlet | Identified the +0 pair of boots of Fepujiog {rF+ Dex+4}
                  | (You found it in a Gauntlet)
 12065 | Gauntlet | Noticed a minotaur
 12085 | Gauntlet | Killed a minotaur
 12310 | D:14     | Reached skill level 16 in Axes
 12342 | D:13     | Noticed an eight-headed hydra
 12963 | D:12     | Found Kuterph's Assorted Antiques.
 12971 | D:12     | Bought a scroll labelled MATYEC EXUHOKHOYTT for 30 gold
                  | pieces
 12971 | D:12     | Bought a scroll labelled CIPATAJEU for 30 gold pieces
 12971 | D:12     | Bought a scroll labelled KIPUPS OLAEF for 30 gold pieces
 13187 | Orc:1    | Entered Level 1 of the Orcish Mines
 13304 | Orc:1    | Reached ***** piety under Makhleb
 13343 | Orc:2    | Entered Level 2 of the Orcish Mines
 13343 | Orc:2    | Noticed a two-headed ogre
 13353 | Orc:2    | Killed a two-headed ogre
 13570 | Orc:1    | Found a roughly hewn altar of Beogh.
 13574 | Orc:1    | Noticed a boulder beetle
 13584 | Orc:1    | Killed a boulder beetle
 14002 | Orc:2    | Found a staircase to the Elven Halls.
 14165 | Orc:1    | Reached skill level 5 in Invocations
 14464 | Orc:2    | Found Foud's Armour Shop.
 14469 | Orc:2    | Noticed an orc high priest
 14483 | Orc:2    | Killed an orc high priest
 14486 | Orc:2    | Noticed an orc high priest
 14502 | Orc:2    | Killed an orc high priest
 14502 | Orc:2    | Noticed an orc high priest
 14504 | Orc:2    | Reached XP level 13. HP: 73/117 MP: 5/16
 14791 | Orc:2    | Paralysed by an orc sorcerer for 3 turns
 14938 | Orc:2    | Reached skill level 17 in Axes
 15147 | Orc:2    | Found Uqovunutz's Distillery.
 15157 | Orc:2    | Found Afemm's Distillery.
 15176 | Orc:2    | Found Padil's Gadget Shop.
 15207 | Orc:2    | Bought a potion of resistance for 160 gold pieces
 15207 | Orc:2    | Bought 2 potions of haste for 320 gold pieces
 15207 | Orc:2    | Bought a potion of haste for 160 gold pieces
 15340 | D:8      | Bought the +4 chain mail of Disguise {rElec Will+ Int+4
                  | Dex-3} for 554 gold pieces
 15340 | D:8      | Bought a scroll of enchant weapon for 90 gold pieces
 15580 | Lair:1   | Entered Level 1 of the Lair of Beasts
 15583 | Lair:1   | Noticed Sonja
 15594 | Lair:1   | Killed Sonja
 16936 | Lair:2   | Got a slimy lead ring
 17285 | Lair:2   | Identified the ring "Kagase" {*Drain rElec rF+ Int+6
                  | Stlth+} (You found it on level 2 of the Lair of Beasts)
 17353 | Lair:3   | Found a staircase to the Snake Pit.
 18617 | Lair:4   | Reached skill level 18 in Axes
 18776 | Lair:4   | Reached XP level 14. HP: 127/127 MP: 18/18
 18797 | Lair:4   | Found a staircase to the Swamp.
 19077 | Lair:4   | Identified the +8 morningstar of Sin {holy, Will- Int+4}
                  | (You found it on level 4 of the Lair of Beasts)
 19535 | Lair:5   | Identified the Incunabulum of the Frostbite and Poison
 19796 | Lair:6   | Entered Level 6 of the Lair of Beasts
 19920 | Lair:6   | Reached ****** piety under Makhleb
 19928 | Lair:6   | Reached skill level 10 in Shields
 20793 | Lair:6   | Found a large runed translucent door.
 20793 | Lair:6   | Found a large runed translucent door.
 20809 | Lair:6   | Reached skill level 19 in Axes
 20968 | Lair:6   | Found a staircase to the Slime Pits.
 21394 | Lair:6   | Got a polished chain mail
 21404 | Lair:6   | Identified the cursed +0 chain mail of the Fiend {Str+4
                  | Dex+2} (You found it on level 6 of the Lair of Beasts)
 21901 | D:13     | Noticed Urug
 21912 | D:13     | Killed Urug
 21913 | D:13     | Reached XP level 15. HP: 137/137 MP: 20/20
 22595 | D:14     | Found a gate to the Vaults.
 23102 | D:15     | Entered Level 15 of the Dungeon
 23156 | D:15     | Noticed Rupert
 23179 | D:15     | Killed Rupert
 23210 | D:15     | Noticed Roxanne
 23402 | D:15     | Noticed Agnes
 23406 | D:15     | Noticed Nessos
 23424 | D:14     | Killed Agnes
 23461 | D:15     | Killed Nessos
 23512 | D:15     | Reached skill level 10 in Invocations
 23715 | D:15     | Found a staircase to the Depths.
 24238 | Snake:1  | Entered Level 1 of the Snake Pit
 24242 | Snake:1  | Reached skill level 20 in Axes
 24334 | Snake:1  | Noticed Aizul
 24343 | Snake:1  | Killed Aizul
 24472 | Snake:1  | Reached skill level 15 in Armour
 24563 | Snake:1  | Noticed Josephine
 24572 | Snake:1  | Killed Josephine
 24612 | Snake:1  | Reached XP level 16. HP: 147/147 MP: 22/22
 24819 | Snake:1  | Reached skill level 15 in Fighting
 26579 | Snake:3  | Found a hide-covered altar of Uskayaw.
 27599 | Snake:4  | Entered Level 4 of the Snake Pit
 27655 | Snake:4  | Reached XP level 17. HP: 101/159 MP: 0/24
 28028 | Snake:4  | Reached skill level 15 in Shields
 28529 | Snake:4  | Found Useph's Gadget Emporium.
 28529 | Snake:4  | Found Eretos's Jewellery Boutique.
 28530 | Snake:4  | Found Jadus's Gadget Emporium.
 28545 | Snake:4  | Bought the amulet of the Four Winds {rN+ Will+++ Clar} for
                  | 526 gold pieces
 28545 | Snake:4  | Found the amulet of the Four Winds {rN+ Will+++ Clar}
 28831 | Snake:4  | Got a serpentine rune of Zot
 29258 | Swamp:1  | Entered Level 1 of the Swamp
 29547 | Swamp:1  | Found a runed translucent gate.
 29548 | Swamp:1  | Found a runed translucent gate.
 29549 | Swamp:1  | Found a runed translucent gate.
 29549 | Swamp:1  | Noticed Qemahefa's ghost (adept GrFi)
 29551 | Swamp:1  | Noticed pleonasm's ghost (adept OgBe)
 29562 | Swamp:1  | Noticed Jacimip's ghost (journeyman HaHu)
 29793 | Swamp:1  | Killed Qemahefa's ghost
 29807 | Swamp:1  | Killed pleonasm's ghost
 29828 | Swamp:1  | Killed Jacimip's ghost
 29829 | Swamp:1  | Reached XP level 18. HP: 150/171 MP: 26/26
 30867 | Swamp:2  | Identified the +1 robe "Elurimiapt" {Regen+} (You found it
                  | on level 2 of the Swamp)
 31529 | Swamp:4  | Entered Level 4 of the Swamp
 31544 | Swamp:4  | Noticed a tentacled monstrosity
 31704 | Swamp:4  | Killed a tentacled monstrosity
 31869 | Swamp:4  | Noticed the 27-headed Lernaean hydra
 32003 | Swamp:4  | HP: 8/173 [11-headed hydra[a spriggan druid] (4)]
 32003 | Swamp:4  | Slain by an 11-headed hydra

Illustrated notes

Levels and vault maps discovered:
D:1:      dpeg_arrival_pits, layout_basic, minivault_11
D:2:      layout_loops_cross, uniq_robin
D:3:      layout_basic, uniq_ijyb
D:4:      layout_gridville, minmay_temple_entry_mist
D:5:      minmay_inner_zag, layout_basic, hangedman_decor_opposing,
          interstate_on_off, minmay_misc_feat_hallway,
          kennysheep_cross_bottleneck, corner_web_ring, sigmund_army
D:6:      layout_basic, serial_rivers, chequers_serial_rivers_marsh,
          chequers_serial_rivers_room_b, chequers_serial_rivers_micro_b,
          chequers_serial_rivers_marsh
D:7:      layout_rooms
D:8:      layout_loops_cross, kennysheep_mini, serial_shops, shop
D:9:      layout_rooms, erik_lair_dragon, orc_0_dummy, serial_shops, shop
D:10:     layout_basic, serial_glass, glass_columns_a, glass_columns_a,
          glass_columns_a, glass_columns_a, glass_columns_a, glass_columns_a,
          glass_columns_b, glass_columns_b, kennysheep_cluttered_room
D:11:     layout_cross
D:12:     layout_irregular_city, basic_altar, serial_shops, shop,
          nicolae_two_hexagons, chequers_garden, nzn_sisyphean_effort
D:13:     layout_rooms, serial_shops, bzr_entry_islet, kennysheep_donut,
          chequers_serial_rivers_micro_b, uniq_urug
D:14:     layout_roguey, grunt_vaults_entry_fortified, gauntlet_entry_generic,
          chequers_decorated_corner, serial_shops,
          nicolae_shop_overgrown_old_shop, portal_ice_cave_entry_pillars_2,
          st_stairs_7
D:15:     grunt_enter_depths_hoard, layout_cave_pools,
          wad_floor_pattern_untrapped, uniq_roxanne, uniq_rupert, uniq_agnes,
          uniq_nessos
Temple:   kilobyte_greek_temple
Lair:1:   layout_hall_layers, st_stairs_6, uniq_sonja
Lair:2:   layout_misc_corridors, serial_bayou_shore_b, grunt_megastairs_2
Lair:3:   layout_concentric_octagons, guppyfry_snake_entry_garden,
          serial_bayou_pond_c, grunt_megastairs_1
Lair:4:   layout_long_grid, skrybe_swamp_entry_bodies, ice2_lemuel,
          grunt_megastairs_5, serial_bayou_shore_b
Lair:5:   layout_small_grid, bh_autumn_forest_stairs
Lair:6:   cheibrodos_lair_end_hotspot, layout_long_grid, slime_dummy
Swamp:1:  layout_basic_swamp, gammafunk_ghost_cemetery,
          evilmike_swamp_ruin_rubble_2, infiniplex_staircase_pool_2
Swamp:2:  layout_falls_marsh, nicolae_swamp_trees_clearing, swamp_pool1
Swamp:3:  layout_basic_swamp, evilmike_swamp_ruin_house_4, swamp_pool1
Swamp:4:  swamp_old_school, layout_basic_swamp, nicolae_swamp_dense_foliage,
          infiniplex_staircase_pool
Snake:1:  layout_rooms, st_stairs_9, library_closet, lemuel_fruit_tree,
          serial_bayou_shore_a, uniq_aizul, uniq_josephine
Snake:2:  layout_layer_cave, drop_trap
Snake:3:  layout_misc_corridors, basic_altar, serial_bayou, serial_bayou_pond_a,
          serial_bayou_lake_a, serial_bayou_pond_c, serial_bayou_pond_a,
          serial_bayou_pond_e, serial_bayou_lagoon_b, serial_bayou_lagoon_a
Snake:4:  grunt_snake_rune_serpentine_throne, layout_rooms, grunt_ministairs_7,
          minmay_shop_grove
Orc:1:    layout_caves, basic_altar, rock_pile
Orc:2:    st_orc_elflike, layout_caves, mines2_lemuel

Skill      XL: |  1  2  3  4  5  6  7  8  9 10 11 12 13 14 15 16 17 18 |
---------------+-------------------------------------------------------+-----
Fighting       | 4 5 6 8 9 10 11 12 13 14 16 17 18 | 18.4
Armour         | 4 5 6 8 9 11 12 13 14 15 16 17 | 17.0
Axes           | 3 4 5 6 8 10 12 14 15 16 18 19 20 | 20.0
Shields        | 4 5 6 7 9 10 12 14 16 17 | 17.1
Invocations    | 2 5 7 9 10 11 12 13 | 13.1

Action                   |  1- 3 |  4- 6 |  7- 9 | 10-12 | 13-15 | 16-18 || total
-------------------------+-------+-------+-------+-------+-------+-------++-------
Melee: War axe           |    66 |   132 |   335 |   467 |       |       ||  1000
       Headbutt          |     9 |    26 |    61 |   132 |   219 |   185 ||   632
       Broad axe         |       |       |       |   125 |   874 |   847 ||  1846
Invok: Lesser Servant of |       |       |       |       |    21 |     2 ||    23
  Use: Scroll            |       |    11 |    11 |    10 |    10 |    10 ||    52
       Potion            |       |       |     1 |    11 |     1 |       ||    13
 Stab: Invisible         |       |       |       |     2 |       |       ||     2
       Distracted        |       |       |       |       |     4 |       ||     4
       Confused          |       |       |       |       |       |     1 ||     1
Armor: Scale mail        |    40 |    25 |       |       |       |       ||    65
       Plate armour      |       |    11 |   176 |   313 |    14 |       ||   514
       Skin              |       |       |       |    29 |       |       ||    29
       Chain mail        |       |       |       |       |   472 |   449 ||   921
Dodge: Dodged            |    16 |    29 |    67 |   115 |   230 |   227 ||   684
Block: Kite shield       |    32 |    61 |   164 |   315 |   605 |   784 ||  1961
